 Dungeon Sprint DCSS version 0.23.2-30-g0e89c35649 (webtiles) character file.

Game seed: 9963311966861467570

360 HASTUR3 the Nimble (level 6, -8/32 HPs)
             Began as a Vine Stalker Monk on June 18, 2019.
             Was a Priest of Cheibriados.
             Mangled by a troll (9 damage)
             ... in the Dungeon (Sprint IX: "|||||||||||||||||||||||||||||").
             The game lasted 00:03:00 (226 turns).

HASTUR3 the Nimble (Vine Stalker Monk)               Turns: 226, Time: 00:03:01

Health: -8/32      AC:  4    Str: 24    XL:     6   Next: 65%
Magic:  0/7        EV: 24    Int: 17    God:    Cheibriados [***...]
Gold:   0          SH:  0    Dex: 25    Spells: 5/5 levels left

rFire    . . .     SeeInvis .   n - +2 rapier (holy)
rCold    . . .     Gourm    .   (no shield)
rNeg     . . .     Faith    .   b - +0 robe
rPois    .         Spirit   +   (no helmet)
rElec    .         Reflect  .   (no cloak)
rCorr    .         Harm     .   (no gloves)
MR       .....     NoTele   +   (no boots)
Stlth    +++.......             (no amulet)
HPRegen  0.50/turn              o - +2 ring of protection
MPRegen  0.10/turn              p - +3 ring of strength

@: very slow
A: fangs 2, regeneration 1, magic shield, antimagic bite, no potion heal 3, rot
immunity
a: Bend Time, Temporal Distortion, Renounce Religion


You were in the Dungeon.
You worshipped Cheibriados.
Cheibriados was most pleased with you.
You were not hungry.

You visited 1 branch

Inventory:

Hand Weapons
 n - a +2 rapier of holy wrath (weapon)
Armour
 b - a +0 robe (worn)
Magical Staves
 m - an uncursed staff of energy
Jewellery
 o - a +2 ring of protection (left hand)
 p - a +3 ring of strength (right hand)
Wands
 l - a wand of iceblast (10)
Scrolls
 h - 3 scrolls of remove curse
 i - 2 scrolls of blinking
 k - 2 scrolls of amnesia
Potions
 a - a potion of invisibility
 d - 5 potions of curing
 e - 3 potions of heal wounds
 f - a potion of haste
 g - 4 potions of magic
Comestibles
 c - a ration
 j - 7 chunks of flesh


   Skills:
 - Level 2.6 Fighting
 - Level 2.6 Short Blades
 + Level 11.6 Dodging
 - Level 2.4 Stealth


You had 5 spell levels left.
You didn't know any spells.
Your spell library was empty.

Dungeon Overview and Level Annotations

Branches:
Dungeon (1/1)

Altars:
Cheibriados
Dithmenos
Elyvilon
Fedhas
Gozag
Hepliaklqana
Kikubaaqudgha
Makhleb
Nemelex Xobeh
Okawaru
Qazlal
Ru
Sif Muna
Trog
Uskayaw
Vehumet
Wu Jian
Xom
Yredelemnul
Zin
The Shining One
Beogh
Jiyva
Lugonu


Innate Abilities, Weirdness & Mutations

You have extremely sharp teeth.
Your natural rate of healing is unusually fast.
When hurt, damage is shared between your health and your magic reserves.
Your bite disrupts and absorbs the magic of your enemies.
Potions cannot restore your health.
You are immune to rotting.


Message History

The troll misses you. The troll closely misses you.
You hit the troll but do no damage. You bite the troll, but do no damage.
The troll is moderately wounded.
The troll bites you.
* * * LOW HITPOINT WARNING * * *
The troll claws you.
* * * LOW HITPOINT WARNING * * *
The troll misses you.
You barely miss the troll. You bite the troll. You drain its power.
You feel invigorated.
The troll is moderately wounded.
The troll bites you.
* * * LOW HITPOINT WARNING * * *
The troll claws you.
* * * LOW HITPOINT WARNING * * *
The troll closely misses you.
You hit the troll. Your bite misses the troll.
The troll is moderately wounded.
The troll misses you. The troll claws you!
You die...

▓.▓
▓.▓
▓)▓
▓[▓
▓[▓
▓[▓
▓.▓
▓.▓
▓@▓
▓T▓
▓z▓
▓.▓
▓.▓
▓.▓
▓.▓
▓+▓


You could see a troll and a wight.

Vanquished Creatures
  2 ogres (D)
  A bullfrog (D)
  A gnoll sergeant (D)
  2 worker ants (D)
  An adder (D)
  An adder zombie (D)
  An orc (D)
  A bat (D)
  2 goblins (D)
  A frilled lizard (D)
  A rat (D)
14 creatures vanquished.

Notes
Turn   | Place    | Note
-------+----------+-------------------------------------------
     0 | D        | HASTUR3 the Vine Stalker Monk began the quest for the Orb.
     0 | D        | Reached XP level 1. HP: 11/11 MP: 2/2
     5 | D        | Reached skill level 3 in Dodging
    33 | D        | Noticed an ogre
    33 | D        | Noticed an ogre
    33 | D        | Noticed a worker ant
    33 | D        | Noticed a worker ant
    38 | D        | Killed an ogre
    38 | D        | Reached skill level 7 in Dodging
    38 | D        | Reached XP level 2. HP: 16/16 MP: 3/3
    38 | D        | Reached XP level 3. HP: 19/19 MP: 4/4
    38 | D        | Gained mutation: Your natural rate of healing is unusually
                  | fast. [Vine Stalker growth]
    38 | D        | Reached XP level 4. HP: 23/23 MP: 5/5
    44 | D        | Killed an ogre
    44 | D        | Reached skill level 9 in Dodging
    44 | D        | Reached XP level 5. HP: 27/27 MP: 6/6
    52 | D        | Reached skill level 10 in Dodging
    56 | D        | Reached XP level 6. HP: 25/32 MP: 5/7
    81 | D        | Found a roughly hewn altar of Beogh.
    81 | D        | Found a snail-covered altar of Cheibriados.
    81 | D        | Found a shadowy altar of Dithmenos.
    81 | D        | Found a white marble altar of Elyvilon.
    81 | D        | Found a blossoming altar of Fedhas.
    81 | D        | Found an opulent altar of Gozag.
    82 | D        | Found a hazy altar of Hepliaklqana.
    83 | D        | Found a viscous altar of Jiyva.
    84 | D        | Found an ancient bone altar of Kikubaaqudgha.
    85 | D        | Found a corrupted altar of Lugonu.
    86 | D        | Found a burning altar of Makhleb.
    87 | D        | Found a sparkling altar of Nemelex Xobeh.
    88 | D        | Found an iron altar of Okawaru.
    89 | D        | Found a stormy altar of Qazlal.
    90 | D        | Found a sacrificial altar of Ru.
    91 | D        | Found a deep blue altar of Sif Muna.
    92 | D        | Found a bloodstained altar of Trog.
    93 | D        | Found a hide-covered altar of Uskayaw.
    94 | D        | Found a radiant altar of Vehumet.
    95 | D        | Found an ornate altar of the Wu Jian Council.
    96 | D        | Found a shimmering altar of Xom.
    97 | D        | Found a basalt altar of Yredelemnul.
    98 | D        | Found a glowing silver altar of Zin.
    99 | D        | Found a glowing golden altar of the Shining One.
   147 | D        | Became a worshipper of Cheibriados the Contemplative
   147 | D        | Reached * piety under Cheibriados
   147 | D        | Reached ** piety under Cheibriados
   202 | D        | Noticed a troll
   208 | D        | Reached skill level 11 in Dodging
   211 | D        | Reached *** piety under Cheibriados
   225 | D        | HP: 1/32 [troll (3)]
   226 | D        | Mangled by a troll

Skill      XL: |  1  2  3  4  5  6 |
---------------+-------------------+-----
Dodging        | 7 9 10 11 | 11.6
Fighting       | |  2.6
Short Blades   | |  2.6
Stealth        | |  2.4

Action                   |  1- 3 |  4- 6 || total
-------------------------+-------+-------++-------
Melee: Short sword       |    19 |    18 ||    37
       Bite              |     9 |    19 ||    28
       Rapier            |       |    23 ||    23
  Use: Potion            |     1 |       ||     1
Armor: Robe              |     1 |     2 ||     3
Dodge: Dodged            |    15 |    31 ||    46
